 Dungeon Crawl Stone Soup version 0.20.1-1-g8b1a95d (webtiles) character file.

4420 Nidhoragg the Cleaver (level 10, -13/90 HPs)
             Began as a Hill Orc Fighter on Oct 7, 2017.
             Was a Believer of Okawaru.
             Collided with a rock wall (14 damage)
             ... caused by Berahthraban's ghost
             ... on level 10 of the Dungeon on Oct 8, 2017.
             The game lasted 00:50:28 (9336 turns).

Nidhoragg the Cleaver (Hill Orc Fighter)            Turns: 9336, Time: 00:50:29

Health: -13/90     AC:  7    Str: 21    XL:     10   Next: 36%
Magic:  9/10       EV: 10    Int:  8    God:    Okawaru [**....]
Gold:   329        SH: 16    Dex: 12    Spells: 9/9 levels left

rFire    . . .     SeeInvis .   a - +2 war axe
rCold    . . .     Gourm    .   z - +0 large shield
rNeg     . . .     Faith    .   e - +3 leather armour {MR+}
rPois    .         Spirit   .   u - +1 hat
rElec    .         Reflect  .   (no cloak)
rCorr    .         Harm     .   (no gloves)
MR       ++...                  (no boots)
Stlth    +.........             m - amulet of magic regeneration
Regen    0.3/turn               k - ring of flight
MPRegen  0.2/turn               g - ring of protection from magic

@: no status effects
A: no striking features
a: Heroism, Renounce Religion, Evoke Flight


You were on level 10 of the Dungeon.
You worshipped Okawaru.
Okawaru was pleased with you.
You were not hungry.

You visited 2 branches of the dungeon, and saw 11 of its levels.

You collected 518 gold pieces.
You spent 189 gold pieces at shops.

Inventory:

Hand Weapons
 a - a +2 war axe (weapon)
Armour
 c - a +0 shield
 d - a +2 leather armour of positive energy
 e - a +3 leather armour of magic resistance (worn)
 o - a +1 chain mail of fire resistance
 u - a +1 hat (worn)
 z - a +0 large shield (worn)
Jewellery
 g - a ring of protection from magic (right hand)
 k - a ring of flight (left hand)
 m - an amulet of magic regeneration (around neck)
Wands
 q - a wand of disintegration (5/24)
 w - a wand of digging (22/24)
 B - a wand of flame (38/48)
Scrolls
 b - a scroll of fog
 t - a scroll of teleportation
 x - a scroll of recharging
 y - 3 scrolls of remove curse
Potions
 h - 3 potions of haste
 i - a potion of magic {unknown}
 j - 3 potions of berserk rage {unknown}
 l - 3 potions of agility
 p - 2 potions of heal wounds {unknown}
 s - 5 potions of curing
 v - a potion of lignification {unknown}
Books
 A - a book of Minor Magic

   Spells                             Type                      Level
   a - Magic Dart                     Conjuration                  1
   b - Blink                          Translocation                2
   c - Call Imp                       Summoning                    2
   d - Slow                           Hexes                        2
   e - Conjure Flame                  Conjuration/Fire             3
   f - Mephitic Cloud                 Conjuration/Poison/Air       3
Comestibles
 f - 10 bread rations
 n - 5 royal jellies
 r - 12 fruits


   Skills:
 + Level 8.5 Fighting
 + Level 12.8 Axes
 + Level 4.7 Armour
 + Level 4.1 Dodging
 - Level 1.0 Stealth
 + Level 7.7 Shields
 + Level 0.3 Invocations


You had 9 spell levels left.
You didn't know any spells.

Dungeon Overview and Level Annotations

Branches:
Dungeon (10/15)            Temple (1/1) D:6
   Lair: D:8-11         Orc: D:9-12

Altars:
Ashenzari
Cheibriados
Dithmenos
Elyvilon
Fedhas
Gozag
Hepliaklqana
Kikubaaqudgha
Makhleb
Nemelex Xobeh
Okawaru
Qazlal
Ru
Sif Muna
Trog
Uskayaw
Vehumet
Xom
Yredelemnul
Zin
The Shining One

Shops:
D:5 [

Annotations:
D:9 Darguel's ghost, novice TeVM
D:10 Berahthraban's ghost, journeyman HuCj


Message History

Berahthraban's ghost hits you!
* * * LOW HITPOINT WARNING * * *
Aiming: Disintegrate (will waste charges)
Press: ? - help, Shift-Dir - straight line, f - Berahthraban's ghost
Aim: Berahthraban's ghost, wielding a weapon of protection (moderately damaged, chance to defeat MR: 13%) Berahthraban's ghost resists with almost no effort.
Evoking this partially-identified wand wasted a few charges.
Berahthraban's ghost misses you.
Aiming: Throw Flame (will waste charges)
Press: ? - help, Shift-Dir - straight line, f/p - Berahthraban's ghost
Aim: Berahthraban's ghost, wielding a weapon of protection (moderately damaged)
The puff of flame misses Berahthraban's ghost.
Evoking this partially-identified wand wasted a few charges.
You feel like a meek peon again.
Berahthraban's ghost casts a spell at you.
The lance of force hits you!
* * * LOW HITPOINT WARNING * * *
You are knocked back by the lance of force.
You slam into the rock wall!
You die...

### #.. #
#.# .#
#.###..#
#<†@..*#
##†#W..#
...#.......
#####.#.##..
.#... . .#
.#. .. < .
## ..


You could see a battlesphere and Berahthraban's ghost.

Vanquished Creatures
  Pikel (D:9)
  The ghost of JaMaZz the Conjurer, a novice DgCj (D:5)
  A hornet (D:9)
  The ghost of Rozenbaumfricks the Skirmisher, an amateur DsFi (D:4)
  A water moccasin (D:7)
  3 black bears
  An ice beast (D:4)
  An orc warrior (D:8)
  A sky beast (D:8)
  4 ogres
  2 phantoms
  2 bullfrogs
  2 scorpions
  5 wights (D:7)
  2 howler monkeys
  4 bullfrog zombies
  5 crimson imps
  A centaur zombie (D:6)
  2 hounds
  7 jellies
  2 orc priests
  5 orc wizards
  3 centaur skeletons
  5 bullfrog skeletons
  An iguana (D:9)
  6 worker ants
  A killer bee zombie (D:6)
  3 hound zombies
  2 hound skeletons (D:6)
  A howler monkey zombie (D:5)
  2 worker ant zombies
  6 adders
  4 gnolls (D:7)
  4 shadow imps
  11 oozes
  A worm (D:2)
  A dart slug (D:2)
  A leopard gecko (D:3)
  23 orcs
  A ball python (D:3)
  4 bats (D:1)
  7 giant cockroaches
  13 goblins
  12 hobgoblins
  27 jackals
  A quokka (D:4)
  6 frilled lizards
  A jackal zombie (D:6)
  31 kobolds
  A leopard gecko zombie (D:6)
  3 quokka skeletons
  3 quokka zombies
  10 rats
249 creatures vanquished.

Vanquished Creatures (others)
  3 slaves (D:9)
  A crimson imp (D:9)
  A hound (D:9)
  An adder (D:9)
  A jackal (D:9)
  3 fungi (D:2)
  8 toadstools (D:2)
18 creatures vanquished.

Grand Total: 267 creatures vanquished

Notes
Turn   | Place    | Note
-------+----------+-------------------------------------------
     0 | D:1      | Nidhoragg the Hill Orc Fighter began the quest for the Orb.
     0 | D:1      | Reached XP level 1. HP: 19/19 MP: 1/1
    84 | D:1      | Reached XP level 2. HP: 12/27 MP: 2/2
   363 | D:1      | Reached skill level 3 in Axes
   567 | D:1      | Reached XP level 3. HP: 33/33 MP: 3/3
  1358 | D:2      | Found a shattered altar of Ashenzari.
  1388 | D:2      | Reached XP level 4. HP: 37/41 MP: 4/4
  1592 | D:2      | Reached skill level 4 in Axes
  1598 | D:2      | Reached skill level 1 in Dodging
  1612 | D:2      | Reached XP level 5. HP: 25/47 MP: 5/5
  2488 | D:3      | Reached XP level 6. HP: 52/55 MP: 6/6
  2762 | D:3      | Found a basalt altar of Yredelemnul.
  3066 | D:4      | Reached skill level 5 in Axes
  3200 | D:4      | Noticed Rozenbaumfricks's ghost (amateur DsFi)
  3214 | D:4      | Killed Rozenbaumfricks's ghost
  3214 | D:4      | Reached skill level 5 in Fighting
  3214 | D:4      | Reached skill level 6 in Axes
  3214 | D:4      | Reached XP level 7. HP: 57/61 MP: 7/7
  3243 | D:4      | Reached skill level 5 in Shields
  3636 | D:5      | Entered Level 5 of the Dungeon
  3947 | D:5      | Noticed JaMaZz's ghost (novice DgCj)
  3974 | D:4      | Reached skill level 7 in Axes
  4030 | D:5      | Found a shadowy altar of Dithmenos.
  4217 | D:5      | Found a bloodstained altar of Trog.
  4247 | D:5      | Killed JaMaZz's ghost
  4247 | D:5      | Reached skill level 8 in Axes
  4247 | D:5      | Reached XP level 8. HP: 26/70 MP: 8/8
  4705 | D:5      | Reached skill level 1 in Stealth
  5239 | D:5      | Found Faddolacha's Antique Armour Shop.
  5247 | D:5      | Bought a bloodstained leather armour for 189 gold pieces
  5257 | D:5      | Identified the cursed +1 leather armour of Hytheyph {rElec} (You bought it in a shop on level 5 of the Dungeon)
  5387 | D:6      | Reached skill level 9 in Axes
  5388 | D:6      | Found a staircase to the Ecumenical Temple.
  5402 | Temple   | Entered the Ecumenical Temple
  5411 | Temple   | Became a worshipper of Warmaster Okawaru
  5499 | D:6      | Reached XP level 9. HP: 70/78 MP: 9/9
  5667 | D:6      | Reached skill level 10 in Axes
  6258 | D:7      | Reached * piety under Okawaru
  6479 | D:7      | Reached skill level 11 in Axes
  7621 | D:8      | Reached ** piety under Okawaru
  7919 | D:8      | Reached skill level 12 in Axes
  7919 | D:8      | Reached XP level 10. HP: 68/88 MP: 10/10
  8439 | D:9      | Noticed Pikel
  8454 | D:9      | Killed Pikel
  8764 | D:9      | Noticed Darguel's ghost (novice TeVM)
  8827 | D:9      | HP: 4/90 [poisoned by Darguel's ghost (sting)]
  9303 | D:10     | Entered Level 10 of the Dungeon
  9309 | D:10     | Noticed Berahthraban's ghost (journeyman HuCj)
  9336 | D:10     | HP: 1/90 [Berahthraban's ghost/lance of force (26)]
  9336 | D:10     | Collided with a rock wall

Skill      XL: |  1  2  3  4  5  6  7  8  9 10 |
---------------+-------------------------------+-----
Fighting       | 4 5 6 8 |  8.5
Axes           | 3 4 6 8 9 12 | 12.8
Shields        | 4 5 6 7 |  7.7
Dodging        | 1 2 3 4 |  4.1
Armour         | 4 |  4.7
Stealth        | 1 |  1.0
Invocations    | |  0.3

Action                   |  1- 3 |  4- 6 |  7- 9 | 10-12 || total
-------------------------+-------+-------+-------+-------++-------
Melee: War axe           |   122 |   163 |   484 |   129 ||   898
Invok: Heroism           |       |       |       |     3 ||     3
Evoke: Wand              |       |       |     1 |     2 ||     3
  Use: Scroll            |       |    10 |    13 |     1 ||    24
       Potion            |       |     1 |     2 |     2 ||     5
 Stab: Sleeping          |       |       |     1 |       ||     1
       Distracted        |       |       |       |     1 ||     1
  Eat: Chunk             |     2 |     6 |    10 |     3 ||    21
       Meat ration       |       |       |     1 |       ||     1
       Bread ration      |       |       |       |     1 ||     1
Armor: Leather armour    |    54 |    19 |   101 |    29 ||   203
Dodge: Dodged            |    43 |    49 |   175 |    35 ||   302
Block: Shield            |    73 |    75 |   213 |       ||   361
       Large shield      |       |       |     5 |    69 ||    74
